 Dungeon Crawl Stone Soup version 0.27-a0-1065-ge809cff456 (webtiles) character file.

Game seed: 18203125172614943655

25 Splishie the Skirmisher (level 3, 0/35 HPs)
             Began as a Gnoll Wanderer on Apr 22, 2021.
             Was a Follower of Zin.
             Splashed by a jelly's acid (4 damage)
             ... on level 4 of the Dungeon.
             The game lasted 00:04:30 (645 turns).

Splishie the Skirmisher (Gnoll Wanderer)             Turns: 645, Time: 00:04:30

Health: 0/35       AC: -1    Str: 13    XL:     3   Next: 4%
Magic:  3/3        EV: 12    Int: 10    God:    Zin [*.....]
Gold:   7          SH:  0    Dex: 11    Spells: 3/3 levels left

rFire    . . .     SeeInvis .   a - +2 short sword
rCold    . . .     Faith    .   (no shield)
rNeg     . . .     Spirit   .   c - +0 robe
rPois    .         Reflect  .   (no helmet)
rElec    .         Harm     .   (no cloak)
rCorr    .         Rampage  .   (no gloves)
Will     .....                  (no boots)
Stlth    +++.......             (no amulet)
HPRegen  0.11/turn              (no ring)
MPRegen  0.08/turn              (no ring)

@: corroded, hasted, very quick
A: fangs 1, strong nose, distributed training
a: Renounce Religion, Recite, Donate Gold


You were on level 4 of the Dungeon.
You worshipped Zin.
Zin was aware of your devotion.
You visited 1 branch of the dungeon, and saw 4 of its levels.

You collected 26 gold pieces.
You donated 19 gold pieces to Zin.

Inventory:

Hand Weapons
 a - a +2 short sword (weapon)
 d - a +0 dagger
Armour
 c - a +0 robe (worn)


   Skills:
 + Level 6.5 Fighting
 + Level 4.5 Short Blades
 + Level 0.5 Long Blades
 + Level 0.5 Axes
 + Level 0.5 Maces & Flails
 + Level 0.5 Polearms
 + Level 0.5 Staves
 + Level 0.5 Slings
 + Level 0.5 Bows
 + Level 0.5 Crossbows
 + Level 0.5 Throwing
 + Level 0.5 Armour
 + Level 2.5 Dodging
 + Level 5.9 Stealth
 + Level 0.5 Shields
 + Level 2.5 Unarmed Combat
 + Level 0.5 Spellcasting
 + Level 0.4 Conjurations
 + Level 0.4 Hexes
 + Level 0.4 Summonings
 + Level 0.4 Necromancy
 + Level 0.4 Translocations
 + Level 0.4 Transmutations
 + Level 0.4 Fire Magic
 + Level 0.4 Ice Magic
 + Level 0.4 Air Magic
 + Level 0.4 Earth Magic
 + Level 0.4 Poison Magic
 + Level 0.7 Invocations
 + Level 0.5 Evocations


You had 3 spell levels left.
You didn't know any spells.
Your spell library was empty.

Dungeon Overview and Level Annotations

Branches:
Dungeon (4/15)
 Temple: D:4-7

Altars:
Ashenzari
Qazlal
Xom
Zin


Innate Abilities, Weirdness & Mutations

You have very sharp teeth.
Your uncanny sense of smell can sniff out nearby items.
Your experience applies equally to all skills.


Message History

The dart slug is almost dead.
You hit the dart slug.
You kill the dart slug!
It was a potion of haste.
You feel yourself speed up.
An orc comes into view. It is wielding a +0 whip.
The orc shouts!
The orc hits you with a +0 whip.
You puncture the orc!
You kill the orc!
You have reached level 3!
Your experience leads to an increase in your attributes!
Increase (S)trength, (I)ntelligence, or (D)exterity?
You feel stronger.
Things that are here:
a +0 whip; an orc corpse
Found an escape hatch in the floor.
Found 29 sling bullets.
An adder comes into view.
An orc and a dart slug come into view.
Found a hand axe.
There is an escape hatch in the floor here.
You slide downwards.
The hatch slams shut behind you.
A jelly comes into view.
Found 2 red potions.
A goblin comes into view. It is wielding a +0 club.
The jelly quivers.
The jelly hits you. The acid corrodes you!
You are splashed with acid!
Found a hand axe.
You hit the jelly.
Your hands burn!
You punch the jelly. You bite the jelly, but do no damage.
The jelly is moderately wounded.
You completely miss the jelly. You bite the jelly, but do no damage.
The jelly is moderately wounded.
The jelly closely misses you.
You hit the jelly.
Your hands burn!
You bite the jelly, but do no damage.
The jelly is heavily wounded.
The jelly hits you.
You are splashed with acid!
* * * LOW HITPOINT WARNING * * *
You hit the jelly.
Your hands burn!
You die...

#.........#
#.........##....
#........#.......
#........#....#..
#................
#................
#................
#................
#####g...@.......
#........J.......
#...............#
#...............+
#.......!.......#
#.........#.....)
#####.....#......
#.....#......


You could see a jelly and a goblin.

Vanquished Creatures
  An adder (D:3)
  A dart slug (D:3)
  2 orcs (D:3)
  A ball python (D:3)
  2 hobgoblins
  3 jackals (D:3)
  A bat (D:1)
11 creatures vanquished.

Notes
Turn   | Place    | Note
-------+----------+-------------------------------------------
     0 | D:1      | Splishie the Gnoll Wanderer began the quest for the Orb.
     0 | D:1      | Splishie set off with the following items: a +2 short
                  | sword, 2 potions of curing, a +0 robe, a +0 dagger
     0 | D:1      | Reached XP level 1. HP: 23/23 MP: 1/1
   136 | D:3      | Found a stormy altar of Qazlal.
   136 | D:3      | Found a broken altar of Ashenzari.
   152 | D:3      | Found a faded altar of an unknown god.
   155 | D:3      | Found a shimmering altar of Xom.
   157 | D:3      | Found a faded altar of an unknown god.
   198 | D:3      | Became a worshipper of Zin the Law-Giver
   198 | D:3      | Reached * piety under Zin
   199 | D:3      | Donated 6 gold pieces to Zin
   200 | D:3      | Donated 3 gold pieces to Zin
   243 | D:3      | Reached XP level 2. HP: 25/29 MP: 2/2
   301 | D:3      | Donated 8 gold pieces to Zin
   615 | D:3      | Reached XP level 3. HP: 27/35 MP: 3/3
   645 | D:4      | Splashed by a jelly's acid

Illustrated notes

Levels and vault maps discovered:
D:1:      dpeg_arrival_rooms_c, layout_basic
D:2:      layout_rooms, basic_ecumenical_altar, eino_curves_02,
          lemuel_flame_loot_1
D:3:      layout_rooms, cheibriados_altar_1, grunt_dithmenos_smoke_and_mirrors,
          chequers_temple_overflow_minitemple
D:4:      layout_basic, trog_wizard, old_standard_altar, minmay_hedge_maze

Action                   || total
-------------------------++-------
Melee: Short sword       ||    42
       Bite              ||     6
       Punch             ||     1
Invok: Donate Gold       ||     3
  Use: Potion            ||     3
       Scroll            ||     2
 Stab: Sleeping          ||     2
Armor: Robe              ||    11
Dodge: Dodged            ||    17

Table legend: (Time is in decaauts)
 A = Elapsed time spent in this place.
 B = Non-inter-level travel time spent in this place.
 C = Inter-level travel time spent in this place.
 D = Time resting spent in this place.
 E = Time spent auto-exploring this place.
 F = Levels seen in this place.
 G = Mean time per level.
                   A        B        C        D        E       F      G
               +--------+--------+--------+--------+--------+-----+--------+
         Total |    627 |    627 |      0 |      0 |    363 |   4 |  156.8 |
       Dungeon |    627 |    627 |      0 |      0 |    363 |   4 |  156.8 |
               +--------+--------+--------+--------+--------+-----+--------+

Top non-repeatable levels by time:
     D:3: 510 daAuts
     D:1: 104 daAuts
     D:4: 7 daAuts
     D:2: 5 daAuts
